 Dungeon Sprint DCSS version 0.18-a0-1789-gbeff17f (webtiles) character file.

1870 wvc the Fencer (level 9, 0/64 HPs)
             Began as a Formicid Fighter on Apr 21, 2016.
             Was a Priest of Cheibriados.
             Slain by a basilisk (3 damage)
             ... in the Dungeon (Sprint IX: "|||||||||||||||||||||||||||||").
             The game lasted 00:02:07 (474 turns).

wvc the Fencer (Formicid Fighter)                    Turns: 474, Time: 00:02:07

Health: 0/64       AC: 10    Str: 26    XL:     9   Next: 35%
Magic:  9/9        EV:  2    Int: 15    God:    Cheibriados [***...]
Gold:   0          SH:  0    Dex: 22    Spells: 0 memorised, 8 levels left

rFire  . . .     SeeInvis +     o - +2 scimitar (holy)
rCold  . . .     Gourm    .     p - +2 ring mail
rNeg   + + +     Faith    .     c - +0 shield
rPois  ∞         Spirit   .     (helmet unavailable)
rElec  .         Dismiss  .     (no cloak)
rCorr  .         Reflect  .     a - +0 pair of gloves
SustAt .         Harm     .     (no boots)
MR     .....                    (no amulet)
Stlth  +.........               q - +3 ring of dexterity
                                b - +2 ring of protection

@: petrified, very slow, not resistant to hostile enchantments, very unstealthy
A: permanent stasis, dig shafts and tunnels, four strong arms, antennae 3
a: Dig, Bend Time, Temporal Distortion, Renounce Religion


You were in the Dungeon.
You worshipped Cheibriados.
Cheibriados was most pleased with you.
You were not hungry.

You visited 1 branch

Inventory:

Hand Weapons
 o - a +2 scimitar of holy wrath (weapon)
Armour
 a - a +0 pair of gloves (worn)
 c - a +0 shield (worn)
 p - a +2 ring mail (worn)
Jewellery
 b - a +2 ring of protection (left hand)
 q - a +3 ring of dexterity (right hand)
Wands
 n - a wand of lightning (7/15)
Scrolls
 k - 2 scrolls of blinking
 l - 3 scrolls of remove curse
 m - 2 scrolls of amnesia
Potions
 d - a potion of invisibility
 e - 5 potions of curing
 h - a potion of haste
 i - 4 potions of magic
 j - a potion of berserk rage
Comestibles
 f - a bread ration


   Skills:
 - Level 3.2 Fighting
 + Level 18.4 Long Blades
 - Level 3.2 Armour
 - Level 3.6 Shields


You had 8 spell levels left.
You didn't know any spells.

Dungeon Overview and Level Annotations

Branches:
Dungeon (1/1)

Altars:
Cheibriados
Dithmenos
Elyvilon
Fedhas
Gozag
Kikubaaqudgha
Makhleb
Nemelex Xobeh
Okawaru
Pakellas
Qazlal
Ru
Sif Muna
Trog
Vehumet
Xom
Yredelemnul
Zin
The Shining One
Beogh
Jiyva
Lugonu


Innate Abilities, Weirdness & Mutations

You are under a permanent stasis effect.
You can dig through walls and to a lower floor.
Your four strong arms can wield two-handed weapons with a shield.
You have a pair of large antennae on your head (SInv).


Message History

You barely miss the basilisk.
The basilisk is severely wounded.
The basilisk bites you but does no damage.
The crimson imp blinks!
Your limbs are stiffening.
You hit the basilisk but do no damage.
The basilisk is severely wounded.
The basilisk gazes at you. You resist with some effort.
The basilisk bites you but does no damage.
The crimson imp spits at you.
You have turned to stone.
The basilisk gazes at you. The basilisk bites you. The crimson imp hits you.
* * * LOW HITPOINT WARNING * * *
The basilisk bites you!
* * * LOW HITPOINT WARNING * * *
The crimson imp blinks!
The basilisk barely misses you. The basilisk bites you.
You die...

▓+▓
▓.▓
▓.▓
▓.▓
▓.▓
▓T▓
▓c▓
▓l▓
▓@▓
▓.▓
{
▓5▓
{
▓.▓
{
▓.▓
▓)▓
▓)▓
▓.▓
{
▓.▓


You could see a troll, a basilisk, a centaur and a crimson imp.

Vanquished Creatures
  2 hill giants (D)
  A deep elf mage (D)
  A two-headed ogre (D)
  A necrophage (D)
  2 ogres (D)
  A scorpion (D)
  A crimson imp (D)
  A worker ant (D)
  2 giant geckos (D)
  A bat skeleton (D)
  A hobgoblin (D)
  A kobold (D)
  A quokka (D)
  A bat (D)
  A rat (D)
18 creatures vanquished.

Notes
Turn   | Place    | Note
--------------------------------------------------------------
     0 | D        | wvc the Formicid Fighter began the quest for the Orb.
     0 | D        | Reached XP level 1. HP: 18/18 MP: 1/1
     5 | D        | Reached skill level 3 in Long Blades
    26 | D        | Reached skill level 4 in Long Blades
    26 | D        | Reached XP level 2. HP: 23/24 MP: 2/2
    31 | D        | Noticed an ogre
    31 | D        | Noticed a crimson imp
    31 | D        | Noticed a scorpion
    37 | D        | Killed a scorpion
    37 | D        | Reached skill level 7 in Long Blades
    37 | D        | Reached XP level 3. HP: 29/29 MP: 3/3
    37 | D        | Reached XP level 4. HP: 35/35 MP: 4/4
    44 | D        | Killed an ogre
    44 | D        | Reached skill level 10 in Long Blades
    44 | D        | Reached XP level 5. HP: 39/41 MP: 5/5
    58 | D        | Reached skill level 11 in Long Blades
    66 | D        | Found a glowing silver altar of Zin.
    66 | D        | Found a glowing golden altar of the Shining One.
    66 | D        | Found an ancient bone altar of Kikubaaqudgha.
    66 | D        | Found a basalt altar of Yredelemnul.
    66 | D        | Found a shimmering altar of Xom.
    66 | D        | Found a radiant altar of Vehumet.
    67 | D        | Found an iron altar of Okawaru.
    68 | D        | Found a burning altar of Makhleb.
    69 | D        | Found a deep blue altar of Sif Muna.
    70 | D        | Found a bloodstained altar of Trog.
    71 | D        | Found a sparkling altar of Nemelex Xobeh.
    72 | D        | Found a white marble altar of Elyvilon.
    73 | D        | Found a roughly hewn altar of Beogh.
    74 | D        | Found a viscous altar of Jiyva.
    75 | D        | Found a corrupted altar of Lugonu.
    76 | D        | Found a blossoming altar of Fedhas.
    77 | D        | Found a snail-covered altar of Cheibriados.
    78 | D        | Found a shadowy altar of Dithmenos.
    79 | D        | Found a stormy altar of Qazlal.
    80 | D        | Found an opulent altar of Gozag.
    81 | D        | Found a sacrificial altar of Ru.
    82 | D        | Found an oddly glowing altar of Pakellas.
    85 | D        | Became a worshipper of Cheibriados the Contemplative
   132 | D        | Noticed a hill giant
   132 | D        | Noticed a hill giant
   132 | D        | Noticed an ogre
   132 | D        | Noticed a necrophage
   132 | D        | Noticed a two-headed ogre
   140 | D        | Killed a two-headed ogre
   140 | D        | Reached skill level 13 in Long Blades
   140 | D        | Reached XP level 6. HP: 6/47 MP: 6/6
   140 | D        | Reached XP level 7. HP: 7/52 MP: 7/7
   151 | D        | Killed a hill giant
   151 | D        | Reached skill level 15 in Long Blades
   151 | D        | Reached XP level 8. HP: 31/58 MP: 8/8
   159 | D        | Killed a hill giant
   159 | D        | Reached * piety under Cheibriados
   159 | D        | Reached skill level 17 in Long Blades
   165 | D        | Reached ** piety under Cheibriados
   165 | D        | Reached XP level 9. HP: 9/64 MP: 9/9
   444 | D        | Noticed a deep elf mage
   444 | D        | Noticed a troll
   456 | D        | Killed a deep elf mage
   456 | D        | Reached *** piety under Cheibriados
   456 | D        | Reached skill level 18 in Long Blades
   472 | D        | HP: 3/64 [basilisk (5)]
   474 | D        | Slain by a basilisk

Vault maps used:
D:        linesprint

Skill      XL: |  1  2  3  4  5  6  7  8  9 |
---------------+----------------------------+-----
Long Blades    | 4 7 10 13 15 17 18 | 18.4
Fighting       | |  3.2
Armour         | |  3.2
Shields        | |  3.6

Action                   |  1- 3 |  4- 6 |  7- 9 || total
-------------------------+-------+-------+-------++-------
Melee: Long sword        |    27 |    13 |       ||    40
       Scimitar          |       |     8 |    38 ||    46
  Use: Potion            |       |     1 |     3 ||     4
Armor: Scale mail        |     7 |     5 |       ||    12
       Ring mail         |       |       |     8 ||     8
Dodge: Dodged            |     6 |     7 |    11 ||    24
Block: Shield            |    18 |     5 |     7 ||    30
